[Event "*** Titled Tuesday Blitz"]
[Site "Chess.com"]
[Date "2018.12.04"]
[Round "9"]
[White "ddtru"]
[Black "Andrew-FB00"]
[Result "1-0"]
[WhiteElo "2307"]
[BlackElo "1792"]
[TimeControl "180+2"]
[EndTime "15:05:55 PST"]
[Termination "ddtru won by resignation"]

1. Nf3 Nf6 2. c4 e6 3. Nc3 d5 4. d4 Bb4 5. Qa4+ Nc6 6. e3 O-O 7. Qc2 Ne4 8. a3 Bxc3+ 9. bxc3 Ne7 10. Bd3 Nf6 11. O-O Ng6 12. a4 c6 13. Ba3 Re8 14. Ne5 Qc7 15. f4 dxc4 16. Nxc4 Nd5 17.
Rae1 a6 18. e4 Ndxf4 19. Bd6 Qd7 20. Bxf4 b5 21. Nb6 1-0

[Event "*** Titled Tuesday Blitz"]
[Site "Chess.com"]
[Date "2018.12.04"]
[Round "9"]
[White "M1711"]
[Black "enriquetejedor"]
[Result "1-0"]
[WhiteElo "2506"]
[BlackElo "2523"]
[TimeControl "180+2"]
[EndTime "15:06:04 PST"]
[Termination "M1711 won by resignation"]

1. d4 d5 2. c4 c6 3. cxd5 Nf6 4. dxc6 Nxc6 5. Nf3 Bg4 6. e3 e5 7. Be2 exd4 8. Nxd4 Bxe2 9. Qxe2 Nxd4 10. exd4+ Be7 11.
O-O O-O 12. Re1 Re8 13. Be3 Nd5 14. Nc3 Nxe3 15. fxe3 Bg5 16. Qd3 Qb6 17. b3 Rad8 18.
Re2 Qg6 19. Qxg6 hxg6 20. Kf2 Rc8 21. Nb5 Re6 22. Nxa7 Rc3 23. Rae1 Rf6+ 24. Kg3 Bf4+ 25. Kg4 Bxh2 26. g3 Re6 27. Rxh2 Rexe3 28. Rxe3 Rxe3 29.
Rd2 f5+ 30. Kf4 Rc3 31. d5 Kf7 32. Nb5 Rc1 33. d6 Rf1+ 34. Kg5 Re1 35. d7 Re4 36. Nd6+ 1-0

[Event "*** Titled Tuesday Blitz"]
[Site "Chess.com"]
[Date "2018.12.04"]
[Round "9"]
[White "hansen"]
[Black "LazyIM"]
[Result "1-0"]
[WhiteElo "2770"]
[BlackElo "2623"]
[TimeControl "180+2"]
[EndTime "15:06:15 PST"]
[Termination "hansen won by resignation"]

1. e4 e5 2. Nf3 Nc6 3. Bb5 a6 4.
Ba4 Nf6 5. O-O b5 6. Bb3 Bb7 7. Re1 Bc5 8. h3 d6 9. c3 Ne7 10. d4 Bb6 11. Bc2 Ng6 12. Nbd2 c5 13. d5 c4 14. Nf1 O-O 15. Ng3 a5 16. a4 b4 17. Qe2 Ba6 18. Nf5 Qc7 19. N3h4 Rfe8 20. Qf3 Qd7 21. Nxg7 Kxg7 22. Bh6+ Kxh6 23. Qxf6 Bc8 24.
Nf5+ Qxf5 25. exf5 Bd8 26. Qxd6 1-0

[Event "*** Titled Tuesday Blitz"]
[Site "Chess.com"]
[Date "2018.12.04"]
[Round "9"]
[White "mikhaillushenkov"]
[Black "JonahWillow"]
[Result "1-0"]
[WhiteElo "2661"]
[BlackElo "2678"]
[TimeControl "180+2"]
[EndTime "15:06:33 PST"]
[Termination "mikhaillushenkov won by resignation"]

1. Nf3 c5 2. c4 Nc6 3. Nc3 Nf6 4. e3 e6 5. d4 cxd4 6. exd4 d5 7. Bg5 Be7 8. a3 O-O 9. c5 h6 10. Bh4 b6 11. Bb5 Bb7 12. b4 a5 13. Bxc6 Bxc6 14. b5 Be8 15. c6 Ne4 16. Bxe7 Qxe7 17. Qd3 Nxc3 18. Qxc3 f6 19. O-O Bg6 20. Rfe1 Be4 21. Nd2 Bg6 22. Nf1 Rac8 23. Ne3 Qd6 24. Rad1 Rfe8 25.
Nf1 Kh7 26. Qg3 Qxg3 27. hxg3 Bc2 28. Rd2 Ba4 29. Rb1 e5 30. Ne3 exd4 31. Rxd4 Rxe3 32. fxe3 Bc2 33. Rc1 Be4 34. Rxe4 dxe4 35. Rd1 Kg6 36.
Rd7 a4 37. Rb7 Kf5 38. Rxb6 Ke6 39. Rb7 g5 40. c7 Kd7 41. b6 Ra8 42. Rb8 1-0

[Event "*** Titled Tuesday Blitz"]
[Site "Chess.com"]
[Date "2018.12.04"]
[Round "9"]
[White "saraswathii"]
[Black "AndrewDGreen"]
[Result "1-0"]
[WhiteElo "2255"]
[BlackElo "2233"]
[TimeControl "180+2"]
[EndTime "15:06:48 PST"]
[Termination "saraswathii won by resignation"]

1. d4 Nf6 2. Bf4 g6 3. e3 Bg7 4. Nf3 d6 5. Be2 O-O 6. h3 c5 7.
c3 Qb6 8. Qc2 Bf5 9. Qc1 cxd4 10. exd4 Nc6 11. Nbd2 e5 12. dxe5 dxe5 13. Nxe5 Nxe5 14.
Bxe5 Rfe8 15. Nc4 Qc5 16. O-O Rxe5 17. Nxe5 Qxe5 18. Bf3 Qb5 19. Re1 Rb8 20. Qf4 Rd8 21.
Rad1 Rxd1 22. Rxd1 h5 23. Qb8+ Kh7 24. Qxb7 Qa4 25.
Qxf7 Qxa2 26. Qxa2 1-0

[Event "*** Titled Tuesday Blitz"]
[Site "Chess.com"]
[Date "2018.12.04"]
[Round "9"]
[White "AdrianaNikolova"]
[Black "DSCC1"]
[Result "0-1"]
[WhiteElo "2333"]
[BlackElo "2174"]
[TimeControl "180+2"]
[EndTime "15:06:48 PST"]
[Termination "DSCC1 won on time"]

1. d4 d5 2. Bf4 c5 3. c3 Qb6 4.
Qb3 c4 5. Qxb6 axb6 6. Nd2 b5 7. a3 Nf6 8. Rd1 Bf5 9. Ngf3 h6 10. h3 e6 11. Ne5 Nbd7 12. g4 Bh7 13. Bh2 Nb6 14. Rc1 Na4 15. b3 Bxa3 16. Ra1 Bb2 17. bxa4 Bxa1 0-1

[Event "*** Titled Tuesday Blitz"]
[Site "Chess.com"]
[Date "2018.12.04"]
[Round "9"]
[White "theblitzchamp"]
[Black "tteshan"]
[Result "1-0"]
[WhiteElo "2688"]
[BlackElo "2131"]
[TimeControl "180+2"]
[EndTime "15:06:58 PST"]
[Termination "theblitzchamp won by resignation"]

1. e4 c5 2. Nf3 Nc6 3. d4 cxd4 4.
Nxd4 g6 5. Nc3 Bg7 6. Be3 Nf6 7. f3 O-O 8. Bc4 d6 9. Bb3 Bd7 10. Qd2 Rc8 11. O-O-O Ne5 12. h4 h5 13. Bh6 Nc4 14.
Bxc4 Rxc4 15. Bxg7 Kxg7 16. g4 hxg4 17. h5 Rh8 18. hxg6 fxg6 19. f4 Qc7 20. Rxh8 Kxh8 21. Rh1+ Kg7 22. f5 Nh5 23. fxg6 Qc5 24. Nf5+ Bxf5 25.
Rxh5 Qg1+ 26. Nd1 Bxg6 27. Qh6+ Kf7 28. Rg5 Rxc2+ 29. Kxc2 Bxe4+ 30. Kc1 Bf3 31. Qg6+ 1-0

[Event "*** Titled Tuesday Blitz"]
[Site "Chess.com"]
[Date "2018.12.04"]
[Round "9"]
[White "kasparik_garik"]
[Black "HanSchut"]
[Result "1-0"]
[WhiteElo "2506"]
[BlackElo "2304"]
[TimeControl "180+2"]
[EndTime "15:07:15 PST"]
[Termination "kasparik_garik won by resignation"]

1. b3 e5 2. Bb2 Nc6 3. e3 d5 4. Bb5 Bd6 5. Ne2 Qe7 6. d4 Bd7 7. Bxc6 Bxc6 8. dxe5 Bxe5 9. Bxe5 Qxe5 10. Qd4 Qxd4 11.
exd4 Bb5 12. Nec3 Bc6 13. Kd2 Nf6 14. f3 O-O-O 15. Re1 Rhe8 16. Rxe8 Rxe8 17. a4 Bd7 18. Nd1 Bf5 19. Ne3 Bg6 20. Nc3 c6 21. a5 a6 22.
g4 Nd7 23. Na4 Kc7 24. h4 f6 25. h5 Bf7 26. c4 dxc4 27. bxc4 Rd8 28. Kc3 Re8 29. Re1 g6 30. h6 Kd6 31. c5+ Kc7 32.
Nb2 Re7 33. Nd3 Nf8 34. Nd5+ 1-0

[Event "*** Titled Tuesday Blitz"]
[Site "Chess.com"]
[Date "2018.12.04"]
[Round "9"]
[White "ChessQueen"]
[Black "GreatDamnedRedSpot"]
[Result "1-0"]
[WhiteElo "2551"]
[BlackElo "2330"]
[TimeControl "180+2"]
[EndTime "15:07:17 PST"]
[Termination "ChessQueen won by resignation"]

1. e4 e6 2. d4 d5 3. exd5 exd5 4. Nf3 c6 5. Bd3 Bd6 6. O-O Ne7 7. c4 f6 8. Nc3 O-O 9. Qc2 g6 10. cxd5 cxd5 11. Qb3 Kg7 12. Kh1 Nbc6 13. Re1 Na5 14. Qc2 Nac6 15. Qd2 Bf5 16. Bxf5 Nxf5 17. h3 Bb4 18.
Qd3 Nd6 19. Nd2 Bxc3 20. bxc3 Qd7 21. Ba3 Rfe8 22. Kg1 Na5 23. Bxd6 Qxd6 24. Qb5 b6 25. Rxe8 1-0

[Event "*** Titled Tuesday Blitz"]
[Site "Chess.com"]
[Date "2018.12.04"]
[Round "9"]
[White "dyziotomi99"]
[Black "AliKa2810"]
[Result "0-1"]
[WhiteElo "2617"]
[BlackElo "2503"]
[TimeControl "180+2"]
[EndTime "15:07:18 PST"]
[Termination "AliKa2810 won by resignation"]

1. e4 e5 2. Nf3 Nf6 3. Nxe5 d6 4.
Nf3 Nxe4 5. d4 d5 6. Bd3 Be7 7.
O-O Nc6 8. c4 Nb4 9. cxd5 Nxd3 10.
Qxd3 Qxd5 11. Re1 Bf5 12. Nc3 Nxc3 13. Qxc3 Be6 14. Qxc7 Rc8 15. Qe5 Qxe5 16. Rxe5 Bf6 17. Re1 O-O 18. Bf4 Rc2 19. b3 Rfc8 20. Be5 Be7 21.
Red1 Bd5 22. Ne1 R2c3 23. f3 f6 24. Bg3 Kf7 25. Nd3 Ba3 26. Nf4 Rd8 27. Nxd5 Rxd5 28. Rd2 Bc1 29. Rd1 Be3+ 30. Bf2 Bxf2+ 31. Kxf2 Rc2+ 32.
Kf1 Rg5 33. g4 Rxh2 34. Rac1 h5 35. Rc7+ Ke6 36. gxh5 Rh1+ 0-1

[Event "*** Titled Tuesday Blitz"]
[Site "Chess.com"]
[Date "2018.12.04"]
[Round "9"]
[White "Alopekos"]
[Black "FMJoseHerrera"]
[Result "0-1"]
[WhiteElo "2487"]
[BlackElo "2571"]
[TimeControl "180+2"]
[EndTime "15:07:27 PST"]
[Termination "FMJoseHerrera won on time"]

1. e4 c5 2. Nf3 e6 3. d4 cxd4 4. Nxd4 a6 5. Nc3 Qc7 6. Be3 b5 7. Bd3 Bb7 8. O-O Nf6 9. a3 d6 10. f4 Nbd7 11. Nb3 Be7 12. Qf3 O-O 13. Rae1 Nc5 14. Qh3 Ncxe4 15. f5 Nxc3 16. bxc3 e5 17. g4 h6 18. Qg3 Rac8 19. h4 e4 20. Be2 d5 21.
Bf4 Qxc3 22. Qg2 Qxc2 23. g5 Qxb3 24. gxh6 Ne8 25. hxg7 Nxg7 26. Bh6 Qc3 27. f6 Bxf6 28. Kh1 Kh7 0-1

[Event "*** Titled Tuesday Blitz"]
[Site "Chess.com"]
[Date "2018.12.04"]
[Round "9"]
[White "pedromartinez91"]
[Black "hypert"]
[Result "0-1"]
[WhiteElo "2418"]
[BlackElo "2423"]
[TimeControl "180+2"]
[EndTime "15:07:29 PST"]
[Termination "hypert won by resignation"]

1. e4 c5 2. Nf3 Nc6 3. d4 cxd4 4. Nxd4 Nf6 5. Nc3 d6 6. Be2 e5 7. Nb3 Be7 8. O-O O-O 9. Bf3 a5 10. a4 Be6 11. Re1 Rc8 12. Bg5 h6 13. Bxf6 Bxf6 14. Nd2 Qb6 15. Nb5 Rfd8 16. c3 Ne7 17. Bg4 d5 18. Bxe6 Qxe6 19. Qf3 d4 20. cxd4 exd4 21. e5 Bg5 22. Ne4 Nc6 23. Nbd6 Rc7 24.
Nxg5 hxg5 25. Qe4 Re7 26. Nf5 Ree8 27. Nd6 Rxd6 28. exd6 Qxe4 29. Rxe4 Rxe4 0-1

[Event "*** Titled Tuesday Blitz"]
[Site "Chess.com"]
[Date "2018.12.04"]
[Round "9"]
[White "Thjop"]
[Black "VladimirBelous"]
[Result "1-0"]
[WhiteElo "2689"]
[BlackElo "2740"]
[TimeControl "180+2"]
[EndTime "15:07:38 PST"]
[Termination "Thjop won by resignation"]

1. e4 c5 2. Nf3 Nc6 3. Nc3 e6 4.
d4 cxd4 5. Nxd4 Qc7 6. Be3 Nf6 7. Be2 Be7 8. O-O O-O 9. f4 d6 10. Qe1 Na5 11. Qg3 a6 12. Rae1 b5 13. e5 dxe5 14. fxe5 Nd7 15. Bf3 Bb7 16. Bh6 g6 17. Bxf8 Rxf8 18.
Kh1 b4 19. Bxb7 bxc3 20. Bxa6 Qb6 21. b4 Bxb4 22. Bb5 Qxd4 23. Rd1 Qxe5 24. Bxd7 Qxg3 25. hxg3 Nc4 26. Rf4 Nb2 27. Rdf1 Be7 28. Rxf7 Rxf7 29. Bxe6 Bd6 30. Rxf7 1-0

[Event "*** Titled Tuesday Blitz"]
[Site "Chess.com"]
[Date "2018.12.04"]
[Round "9"]
[White "colegiodemadrid"]
[Black "KRASAVCHIK2002"]
[Result "1-0"]
[WhiteElo "2311"]
[BlackElo "2381"]
[TimeControl "180+2"]
[EndTime "15:07:52 PST"]
[Termination "colegiodemadrid won by resignation"]

1. e4 c5 2. Nf3 d6 3. d4 cxd4 4. Nxd4 Nf6 5. Nc3 a6 6. Bg5 e6 7.
f4 Qb6 8. Qd2 Qxb2 9. Rb1 Qa3 10. f5 Nc6 11. fxe6 fxe6 12. Nxc6 bxc6 13. e5 dxe5 14.
Bxf6 gxf6 15. Ne4 f5 16. Be2 h5 17. Bxh5+ Rxh5 18. Nf6+ Kf7 19. Nxh5 Qd6 20. Qg5 Qe7 21. Qxe7+ Bxe7 22. O-O a5 23. Ng3 Ba6 24. Rfd1 e4 25. Kh1 Rd8 26. Rxd8 Bxd8 27. Kg1 Bc4 28. a3 Be7 29. a4 Bc5+ 30. Kh1 e3 31. Re1 Kf6 32. h4 Bb6 33. h5 f4 34. Ne4+ Kg7 35. Nd6 Bd5 36.
c4 Bc5 37. cxd5 Bxd6 38. dxc6 Bc7 39. g3 e5 40. gxf4 exf4 41. Kg2 Kh6 42. Kf3 Kxh5 43.
Rd1 Kg6 44. Rd7 Bb6 45. c7 1-0

[Event "*** Titled Tuesday Blitz"]
[Site "Chess.com"]
[Date "2018.12.04"]
[Round "9"]
[White "nochewycandy"]
[Black "m3alam"]
[Result "1-0"]
[WhiteElo "2263"]
[BlackElo "2175"]
[TimeControl "180+2"]
[EndTime "15:08:02 PST"]
[Termination "nochewycandy won by resignation"]

1. e4 c6 2. Nc3 d5 3. Nf3 Nf6 4. e5 Ne4 5. Ne2 Nc5 6. d4 Ne4 7.
Ng3 Bg4 8. Bd3 Nxg3 9. fxg3 h6 10. h3 Be6 11. O-O Nd7 12. c3 Qb6 13. Kh2 g5 14. a4 a5 15. Qc2 Bg7 16. Bd2 O-O-O 17. b4 Rdg8 18. bxa5 Qxa5 19. c4 Qa7 20. cxd5 Bxd5 21.
Be4 Bxe4 22. Qxe4 e6 23. a5 Bf8 24. a6 Nb6 25. axb7+ Qxb7 26. Rfb1 Be7 27. Ba5 Bd8 28. Bxb6 Bxb6 29. Nd2 Qc7 30. Nc4 Ba7 31. Nd6+ Kd8 32. Rb7 1-0

[Event "*** Titled Tuesday Blitz"]
[Site "Chess.com"]
[Date "2018.12.04"]
[Round "9"]
[White "Parhamov"]
[Black "David_Klein"]
[Result "1-0"]
[WhiteElo "2843"]
[BlackElo "2608"]
[TimeControl "180+2"]
[EndTime "15:08:04 PST"]
[Termination "Parhamov won on time"]

1. e4 g6 2. d4 Bg7 3. Nc3 d6 4. h4 h6 5. Be3 a6 6. Qd2 b5 7. f3 Bb7 8. g4 Nf6 9. Bg2 b4 10. Nd1 a5 11. Nf2 Nbd7 12. Ne2 c5 13.
dxc5 dxc5 14. f4 Qc7 15. O-O-O Nb6 16. Ng3 Nc4 17. Qe2 Nxb2 18. e5 Bxg2 19. exf6 Bxf6 20. Nfe4 Bxe4 21. Nxe4 Bg7 22. Qb5+ Kf8 23. Rd7 Qc8 24.
Bxc5 Rb8 25. Bxe7+ Kg8 26. Qd5 Qc4 27. Qxc4 Nxc4 28.
Nf6+ Bxf6 29. Bxf6 1-0

[Event "*** Titled Tuesday Blitz"]
[Site "Chess.com"]
[Date "2018.12.04"]
[Round "9"]
[White "vpantev"]
[Black "Muguet7"]
[Result "1-0"]
[WhiteElo "2621"]
[BlackElo "2455"]
[TimeControl "180+2"]
[EndTime "15:08:07 PST"]
[Termination "vpantev won by resignation"]

1. d4 Nf6 2. Nf3 e6 3. Bf4 d5 4. e3 Bd6 5. Bg3 b6 6. c4 Bb7 7. Nc3 O-O 8. Rc1 Nbd7 9. a3 a6 10. Bd3 Qe7 11. cxd5 exd5 12. O-O c5 13. Bf5 g6 14.
Bxd7 Qxd7 15. dxc5 bxc5 16. Na4 Bxg3 17. hxg3 Qf5 18. Nxc5 Rab8 19. Nd4 Qg5 20. Qf3 Ng4 21. Qf4 Qh5 22. Nf3 d4 23. Nxb7 dxe3 24. Rc5 f5 25.
Qc4+ Kh8 26. Qc3+ Kg8 27. Rc7 Rf7 28. Rxf7 Kxf7 29. Qc7+ Kf6 30. Qxb8 exf2+ 31. Rxf2 Nxf2 32. Kxf2 1-0

[Event "*** Titled Tuesday Blitz"]
[Site "Chess.com"]
[Date "2018.12.04"]
[Round "9"]
[White "StephenDedalus83"]
[Black "gmcorrales"]
[Result "0-1"]
[WhiteElo "2747"]
[BlackElo "2803"]
[TimeControl "180+2"]
[EndTime "15:08:11 PST"]
[Termination "gmcorrales won by resignation"]

1. e4 c5 2. Nf3 d6 3. d4 cxd4 4. Nxd4 Nf6 5. Nc3 a6 6. h3 g6 7. g3 Bg7 8. Bg2 O-O 9. O-O Nc6 10. Be3 Rb8 11. Nd5 Nd7 12. c4 Nc5 13. Rb1 Bd7 14. b4 Nxd4 15. Bxd4 Ba4 16. Qd2 Bxd4 17. Qxd4 Ne6 18. Qd2 b5 19. Nc3 Qb6 20. Rfc1 Rfc8 21.
Nxa4 bxa4 22. Bf1 Nd4 23. Kg2 e5 24. Bd3 Qc6 25. c5 d5 26. Qe3 a3 27. Rc3 Nb5 28.
Bxb5 Rxb5 29. Rxa3 a5 30. Rxa5 d4 31. Qd3 Rxa5 32. bxa5 Qxc5 33. Rb5 Qc3 34. Rb3 Qxa5 35. a3 Rc3 36. Rxc3 dxc3 37. Kf3 Qxa3 38. Qd8+ Kg7 39. Qc7 c2+ 40. Kg4 c1=Q 41. Qxe5+ Kg8 0-1

[Event "*** Titled Tuesday Blitz"]
[Site "Chess.com"]
[Date "2018.12.04"]
[Round "9"]
[White "MFguimaraes"]
[Black "VeraNebolsina"]
[Result "1-0"]
[WhiteElo "2355"]
[BlackElo "2362"]
[TimeControl "180+2"]
[EndTime "15:08:14 PST"]
[Termination "MFguimaraes won on time"]

1. e4 c5 2. Nf3 d6 3. Bb5+ Bd7 4. a4 Nf6 5. Nc3 g6 6. O-O Bg7 7. e5 dxe5 8. Nxe5 Bxb5 9. axb5 O-O 10. d3 Nbd7 11. Bf4 Nh5 12. Nxd7 Qxd7 13. Be3 b6 14. Qf3 f5 15. Ra2 e5 16. Qd5+ Qxd5 17. Nxd5 Rad8 18. c4 Rd7 19. Rfa1 Rff7 20. g3 Bf8 21. Ra4 Bd6 22.
Bg5 Bb8 23. Re1 Kg7 24. Bd2 Nf6 25. Nxf6 Kxf6 26. Re3 Rd8 27. Bc3 Rfd7 28. Ra3 1-0

[Event "*** Titled Tuesday Blitz"]
[Site "Chess.com"]
[Date "2018.12.04"]
[Round "9"]
[White "AkibaRubi"]
[Black "Mikhail_Golubev"]
[Result "1-0"]
[WhiteElo "2570"]
[BlackElo "2461"]
[TimeControl "180+2"]
[EndTime "15:08:21 PST"]
[Termination "AkibaRubi won by resignation"]

1. c4 g6 2. Nf3 Bg7 3. g3 d6 4. Bg2 e5 5. O-O Nf6 6. d4 Nbd7 7. dxe5 dxe5 8. Nc3 O-O 9. Bg5 h6 10. Bxf6 Bxf6 11.
Nd2 Bg7 12. Qc2 f5 13. Rad1 Kh7 14. h4 Nf6 15. Nde4 Qe7 16. Nxf6+ Qxf6 17. Rd2 e4 18. e3 Be6 19. Nd5 Qf7 20. b3 g5 21. hxg5 hxg5 22.
f4 exf3 23. Bxf3 c6 24. Bh5 Qxh5 25. Rh2 Qxh2+ 26. Qxh2+ Bh6 27. Nc7 Rae8 28. Nxe8 Rxe8 29. g4 f4 30. exf4 1-0

[Event "*** Titled Tuesday Blitz"]
[Site "Chess.com"]
[Date "2018.12.04"]
[Round "9"]
[White "ENEASZ"]
[Black "ChainsOfFantasia"]
[Result "0-1"]
[WhiteElo "2547"]
[BlackElo "2400"]
[TimeControl "180+2"]
[EndTime "15:08:22 PST"]
[Termination "ChainsOfFantasia won by resignation"]

1. e4 e6 2. d4 d5 3. Bd3 dxe4 4. Bxe4 Nf6 5. Bf3 c5 6. Ne2 Nc6 7. Be3 e5 8. Bxc6+ bxc6 9. dxe5 Qxd1+ 10. Kxd1 Ng4 11.
Nbc3 Nxe5 12. b3 Ng4 13. Na4 Nxe3+ 14. fxe3 Bg4 15. c4 O-O-O+ 16. Ke1 Be7 17. Nac3 Bf6 18. Rc1 Rhe8 19. Kf2 Rd2 20. h3 Bxe2 21. Nxe2 Bg5 22. Rc3 Rxa2 23. Rd1 f5 24. Rd6 Kc7 25. Rcd3 Bxe3+ 26.
Kf3 Rxe2 27. Rd7+ Kc8 28. Rxa7 Bd4 29. b4 g5 30. b5 h5 31. b6 R8e3+ 32. Rxe3 Rxe3+ 33. Kf2 g4 34. Rh7 g3+ 35. Kf1 Bc3 0-1

[Event "*** Titled Tuesday Blitz"]
[Site "Chess.com"]
[Date "2018.12.04"]
[Round "9"]
[White "Berardino"]
[Black "gmjlh"]
[Result "0-1"]
[WhiteElo "2416"]
[BlackElo "2704"]
[TimeControl "180+2"]
[EndTime "15:08:23 PST"]
[Termination "gmjlh won by resignation"]

1. e4 e5 2. Nf3 Nc6 3. Bb5 Nf6 4. d3 Bc5 5. Bxc6 dxc6 6. Nbd2 Nd7 7. Nc4 Qe7 8. Qe2 b5 9. Ne3 g6 10. Bd2 Nf8 11.
h3 Ne6 12. O-O-O Nd4 13. Nxd4 exd4 14. Ng4 f5 15. Nh6 fxe4 16. dxe4 Be6 17. f4 Bxa2 18. f5 O-O-O 19. Qf3 Kb7 20. g4 d3 21. Bc3 dxc2 22.
Kxc2 b4 23. Bxh8 b3+ 0-1

[Event "*** Titled Tuesday Blitz"]
[Site "Chess.com"]
[Date "2018.12.04"]
[Round "9"]
[White "Bigfish1995"]
[Black "eldur16"]
[Result "1-0"]
[WhiteElo "2990"]
[BlackElo "2655"]
[TimeControl "180+2"]
[EndTime "15:08:29 PST"]
[Termination "Bigfish1995 won by resignation"]

1. d4 Nf6 2. c4 e6 3. Nf3 Bb4+ 4. Bd2 a5 5. Nc3 d6 6. Qc2 Nbd7 7. g3 e5 8. Bg2 exd4 9. Nxd4 O-O 10. O-O Re8 11.
Rad1 Ne5 12. b3 c6 13. Bg5 Bxc3 14. Qxc3 h6 15. Bc1 Qe7 16. e4 a4 17. f4 Ng6 18.
Rfe1 axb3 19. axb3 Qc7 20. Bb2 Bg4 21. Rc1 Rad8 22. h3 Bc8 23. Kh2 h5 24. Nf5 Bxf5 25. exf5 Ne7 26. Qd3 d5 27. Bxf6 gxf6 28. cxd5 Qd6 29.
Qf3 Nxd5 30. Qxh5 Rxe1 31. Rxe1 Nb4 32. Re6 fxe6 33. Qg6+ Kh8 34. Qxf6+ Kg8 35. Qg6+ Kh8 36. f6 Qf8 37. Be4 Rd2+ 38. Kh1 Rd1+ 39. Kg2 Rd2+ 40.
Kf3 Rd7 41. Qh5+ Kg8 42. Qg4+ Kh8 43. Qh4+ Kg8 44. g4 Nd5 45. Qg5+ Kh8 46. Qh5+ Kg8 47. Qg6+ Kh8 48. g5 Qb4 49. Qe8+ 1-0

[Event "*** Titled Tuesday Blitz"]
[Site "Chess.com"]
[Date "2018.12.04"]
[Round "9"]
[White "BlackBoarder"]
[Black "BillForster"]
[Result "1-0"]
[WhiteElo "2482"]
[BlackElo "1727"]
[TimeControl "180+2"]
[EndTime "15:08:30 PST"]
[Termination "BlackBoarder won by resignation"]

1. e4 c5 2. Nf3 a6 3. c3 e6 4. d4 d5 5. exd5 Qxd5 6. Be2 Nf6 7. O-O Nc6 8. Be3 Be7 9. dxc5 O-O 10. b4 Rd8 11. Nbd2 Qd7 12. Nc4 Nd5 13. Qc1 Nxe3 14. Qxe3 Qc7 15. Nb6 Rb8 16. Rfd1 Bd7 17. Rd2 Be8 18. Rad1 Rxd2 19. Rxd2 Rd8 20. a3 Bf6 21. h3 h6 22. Nc4 Be7 23. g3 Rd7 24. h4 Qd8 25. Kg2 Nb8 26. Rc2 Nc6 27. Nb6 Rc7 28.
Rd2 Qb8 29. Qf4 Qa7 30. Qxc7 1-0

[Event "*** Titled Tuesday Blitz"]
[Site "Chess.com"]
[Date "2018.12.04"]
[Round "9"]
[White "vovachesss"]
[Black "StanislavNovikov"]
[Result "0-1"]
[WhiteElo "2495"]
[BlackElo "2528"]
[TimeControl "180+2"]
[EndTime "15:08:33 PST"]
[Termination "StanislavNovikov won by resignation"]

1. f4 c5 2. Nf3 Nc6 3. e3 g6 4. c4 Bg7 5. Nc3 e6 6. g3 Nge7 7. Bg2 d5 8. O-O O-O 9. d3 b6 10. Qe2 Bb7 11. cxd5 Nxd5 12. Nxd5 Qxd5 13. e4 Nd4 14.
Qf2 Nxf3+ 15. Qxf3 Qd4+ 16. Rf2 Rad8 17. Bf1 f5 18.
Be3 fxe4 19. Bxd4 exf3 20. Bxg7 Kxg7 21. Re1 Rd6 22. Bh3 Kf6 23. Re3 Rfd8 24. Bg4 Rxd3 25. Rxe6+ Kf7 26. Re1 Rd1 27. Rff1 Rxe1 28. Rxe1 Rd2 29.
Kf1 Ba6+ 0-1

[Event "*** Titled Tuesday Blitz"]
[Site "Chess.com"]
[Date "2018.12.04"]
[Round "9"]
[White "LastGladiator1"]
[Black "VincentBlom"]
[Result "1-0"]
[WhiteElo "2687"]
[BlackElo "2526"]
[TimeControl "180+2"]
[EndTime "15:08:35 PST"]
[Termination "LastGladiator1 won by resignation"]

1. d4 Nf6 2. c4 b6 3. Nc3 Bb7 4. a3 g6 5. Nf3 Bg7 6. g3 Ne4 7.
Bd2 Nxc3 8. Bxc3 Bxf3 9. exf3 O-O 10. Rc1 d5 11. cxd5 Qxd5 12. Bd3 Qe6+ 13. Qe2 Qxe2+ 14. Kxe2 c6 15. Be4 a5 16. Rhd1 e6 17. f4 Ra7 18.
Be1 Rd7 19. Bxc6 Rxd4 20. Bb5 Rxd1 21. Rxd1 Bxb2 22. a4 Rc8 23. Rd6 Ba3 24. Rxb6 Bc5 25. Rb7 Nc6 26. Bxc6 Rxc6 27. Bxa5 Ra6 28. Rb8+ Kg7 29.
Bc3+ Kh6 30. Rc8 Be7 31. a5 g5 32. fxg5+ Bxg5 33. f4 Be7 34. Rc7 Bd8 35. Rxf7 Bxa5 36.
Rf6+ Kh5 37. Kf3 1-0

[Event "*** Titled Tuesday Blitz"]
[Site "Chess.com"]
[Date "2018.12.04"]
[Round "9"]
[White "ChristopherYoo"]
[Black "SCIM"]
[Result "1-0"]
[WhiteElo "2424"]
[BlackElo "2426"]
[TimeControl "180+2"]
[EndTime "15:08:37 PST"]
[Termination "ChristopherYoo won by resignation"]

1. e4 c5 2. Nf3 e6 3. d4 cxd4 4. Nxd4 Nc6 5. Nc3 Qc7 6. Be3 a6 7. Qf3 Nf6 8. O-O-O Ne5 9. Qg3 b5 10. f4 Neg4 11. Bg1 Nh6 12. e5 Nd5 13. Nxd5 exd5 14. f5 g6 15. f6 d6 16. Re1 Be6 17. exd6 Qxd6 18. Qh3 Nf5 19. Nxe6 fxe6 20. g4 Nh6 21. Kb1 O-O-O 22. Bd4 Nf7 23. Bg2 e5 24. Qc3+ Kb8 25. Rxe5 Rc8 26. Qg3 Rc7 27. Re8+ Kb7 28. Qxd6 Nxd6 29.
Bxd5+ 1-0

[Event "*** Titled Tuesday Blitz"]
[Site "Chess.com"]
[Date "2018.12.04"]
[Round "9"]
[White "volcanoexplorer"]
[Black "Winehouse83"]
[Result "0-1"]
[WhiteElo "2394"]
[BlackElo "2449"]
[TimeControl "180+2"]
[EndTime "15:08:38 PST"]
[Termination "Winehouse83 won on time"]

1. e4 e5 2. Nf3 Nc6 3. Bc4 Bc5 4.
O-O Nf6 5. d3 O-O 6. Re1 Ng4 7.
Re2 Qf6 8. h3 Nd4 9. hxg4 Nxf3+ 10. gxf3 Qxf3 11. Be3 Bxe3 12. fxe3 d5 13. Bxd5 Bxg4 14.
Nc3 Qg3+ 15. Rg2 Qxe3+ 16. Kh1 Bxd1 17. Rxd1 c6 18. Bb3 Rad8 19. Ne2 Rd6 20. Ng1 Rh6+ 21.
Rh2 Rxh2+ 22. Kxh2 Kh8 23. Rf1 f5 24. exf5 Rf6 25.
Rf3 Qg5 26. Nh3 Qg4 27. Rg3 Qxf5 28. Ng5 h6 29. Ne4 Qh5+ 30. Kg2 Qe2+ 31. Kh3 Rf1 32.
Kh4 g5+ 33. Nxg5 hxg5+ 34. Kxg5 Qh2 35. Rg4 Rf4 0-1

[Event "*** Titled Tuesday Blitz"]
[Site "Chess.com"]
[Date "2018.12.04"]
[Round "9"]
[White "Bryakin_Mikhail"]
[Black "Quiet_Desperation"]
[Result "1-0"]
[WhiteElo "2712"]
[BlackElo "2160"]
[TimeControl "180+2"]
[EndTime "15:08:40 PST"]
[Termination "Bryakin_Mikhail won by resignation"]

1. d4 Nf6 2. c4 e6 3. Nf3 Bb4+ 4.
Bd2 Qe7 5. g3 Nc6 6. Bg2 Bxd2+ 7.
Qxd2 Ne4 8. Qc2 Qb4+ 9. Kf1 d5 10. b3 O-O 11. a3 Qe7 12. Nc3 Nxc3 13. Qxc3 f5 14. e3 Bd7 15. Ke2 Rac8 16. Rhd1 Rfe8 17. Kf1 dxc4 18. bxc4 Rcd8 19. Rab1 b6 20. Kg1 e5 21.
dxe5 Nxe5 22. Nxe5 Qxe5 23. Qxe5 Rxe5 24. Bc6 Re7 25. Rd5 Kf7 26. Rbd1 Ke6 27. h4 Bxc6 28. Rxd8 Bf3 29. R1d4 Kf6 30. Kf1 Re5 31. R8d7 Ra5 32.
Rd3 Rc5 33. Rc3 b5 34. Ke1 a5 35. Kd2 b4 36. axb4 axb4 37. Rc1 b3 38. Kc3 b2 39. Kxb2 h6 40. Kc3 g5 41. hxg5+ hxg5 42. Rb1 Be4 43. Rb5 Rc6 44. Kd4 g4 45. Rc5 Ra6 46. Rcxc7 Ra3 47. Rd6+ Kg5 48. Ke5 Ra5+ 49. c5 1-0

[Event "*** Titled Tuesday Blitz"]
[Site "Chess.com"]
[Date "2018.12.04"]
[Round "9"]
[White "ruvat"]
[Black "BasilSmash"]
[Result "0-1"]
[WhiteElo "2292"]
[BlackElo "2378"]
[TimeControl "180+2"]
[EndTime "15:09:01 PST"]
[Termination "BasilSmash won on time"]

1. d4 d5 2. Nf3 Nf6 3. c4 e6 4. g3 Be7 5. Bg2 O-O 6. O-O dxc4 7. Ne5 Nc6 8. Nxc6 bxc6 9. Na3 Bxa3 10. bxa3 Rb8 11.
Qa4 Nd5 12. Qxc4 Rb6 13. Rd1 Ba6 14. Qc2 Qd6 15. e4 Ne7 16. a4 Rfb8 17. a5 R6b7 18. a4 Qd7 19. Ba3 Nc8 20. Rac1 Ne7 21. Bxe7 Qxe7 22. Qxc6 Be2 23. Re1 Bh5 24. a6 Rb6 25. Qxc7 Qxc7 26. Rxc7 Rxa6 27. Rec1 g5 28. R7c4 Be2 29.
Rc8+ Rxc8 30. Rxc8+ Kg7 31. Rc2 Bd3 32. Ra2 g4 33.
Bf1 Bxf1 34. Kxf1 f5 35. e5 Kg6 36. Ke2 f4 37. Kd3 Kf5 38. a5 f3 39. Kc4 Rc6+ 40. Kb5 Rc7 41. Rd2 Ke4 42. a6 h5 43. Kb4 Rc6 44. Kb5 Rb6+ 45. Ka5 Kd5 46. Ka4 Rxa6+ 47. Kb4 Rc6 0-1